 Dungeon Crawl Stone Soup version 0.24.0-1-gfbc8707 (webtiles) character file.

Game seed: 16470647751384251138, levelgen mode: deterministic

900 Rintwin the Carver (level 8, -8/61 HPs)
             Began as a Barachi Gladiator on Oct 29, 2019.
             Mangled by an orc warrior
             ... wielding a +0 war axe
              (15 damage)
             ... on level 6 of the Dungeon on Nov 4, 2019.
             The game lasted 00:20:32 (5552 turns).

Rintwin the Carver (Barachi Gladiator)              Turns: 5552, Time: 00:20:32

Health: -8/61      AC:  8    Str: 17    XL:     8   Next: 7%
Magic:  8/8        EV: 14    Int: 12    God:
Gold:   320        SH:  0    Dex: 14    Spells: 7/7 levels left

rFire    . . .     SeeInvis .   a - +0 long sword
rCold    . . .     Gourm    .   (no shield)
rNeg     . . .     Faith    .   C - +0 steam dragon scales
rPois    .         Spirit   .   c - +0 helmet
rElec    .         Reflect  .   (no cloak)
rCorr    .         Harm     .   (no gloves)
MR       .....                  w - +0 pair of boots
Stlth    ++........             s - amulet of magic regeneration
HPRegen  0.20/turn              E - +3 ring of intelligence
MPRegen  0.36/turn              (no ring)

@: slow
A: +LOS, swims, slowness 1, strong legs 1
a: Hop


You were on level 6 of the Dungeon.
You were not hungry.

You visited 1 branch of the dungeon, and saw 6 of its levels.

You collected 320 gold pieces.

Inventory:

Hand Weapons
 a - a +0 long sword (weapon)
Missiles
 d - 3 throwing nets (quivered)
Armour
 b - a +0 leather armour
 c - a +0 helmet (worn)
 p - a +0 ring mail
 w - a +0 pair of boots (worn)
 y - a +0 helmet
 A - a +0 scale mail
 C - +0 steam dragon scales (worn)
Jewellery
 s - an amulet of magic regeneration (around neck)
 E - a +3 ring of intelligence (left hand)
Scrolls
 h - a scroll of immolation {unknown}
 i - a scroll of teleportation {unknown}
 j - 2 scrolls of remove curse {unknown}
 m - a scroll of random uselessness {unknown}
 n - a scroll of amnesia {unknown}
 o - a scroll of noise {unknown}
 t - a scroll of enchant weapon {unknown}
 u - 3 scrolls of enchant armour {unknown}
 z - 2 scrolls of identify {unknown}
 B - a scroll of fear {unknown}
Potions
 e - a potion of mutation {unknown}
 g - a potion of berserk rage {unknown}
 k - a potion of might {unknown}
 l - a potion of lignification {unknown}
 q - 3 potions of ambrosia {unknown}
 r - 2 potions of curing {unknown}
 v - a potion of flight {unknown}
 x - a potion of haste {unknown}
 D - a potion of heal wounds {unknown}
Comestibles
 f - 6 rations


   Skills:
 + Level 4.9 Fighting
 + Level 8.2 Long Blades
 + Level 2.0 Throwing
 + Level 4.7 Armour
 + Level 4.4 Dodging
 + Level 1.1 Stealth


You had 7 spell levels left.
You didn't know any spells.
Your spell library contained the following spells:

 Spells                   Type           Power        Failure   Level  Hunger
 Corona                   Hex            #......      32%         1    ##.....
 Ensorcelled Hibernation  Hex/Ice        #.....       45%         2    ###....
 Confuse                  Hex            #.......     69%         3    ####...
 Dazzling Spray           Conj/Hex       #.....       69%         3    ####...
 Tukima's Dance           Hex            #.......     69%         3    ####...


Dungeon Overview and Level Annotations

Branches:
Dungeon (6/15)             Temple (0/1) D:5

Altars:
Ashenzari
Gozag
Ru
Yredelemnul


Innate Abilities, Weirdness & Mutations

Shadows flee at your approach. (+LOS)
You can swim through water.
You cover ground slowly.
You can hop short distances.


Message History

You slash the orc priest!
You kill the orc priest!
The orc warrior hits you with a +0 war axe!
The orc completely misses you.
You barely miss the ice beast. The orc warrior closely misses you.
You riposte.
You hit the orc warrior but do no damage.
The ice beast misses you.
You barely miss the ice beast. The orc misses you. The ice beast hits you.
The ice beast freezes you!
* * * LOW HITPOINT WARNING * * *
You slash the ice beast!
The ice beast is moderately wounded.
The orc warrior hits you with a +0 war axe!
* * * LOW HITPOINT WARNING * * *
The orc hits you but does no damage. The ice beast closely misses you.
You slash the ice beast!
The ice beast is severely wounded.
The orc hits you but does no damage.
The orc warrior hits you with a +0 war axe!
You die...

## #............#.........
.#####..#####.....).........
........#####.....))##......
.#.####..............# ....
.#.# #####.##.#..#..# ..
.#.# #. #.#.##.!## .#.# #
#........## ...#
###o#.....## ...# #@.......#
##.# #Yo........ #.#
#.......... .# #......... #
../......# ..#.....##
...#...## #.#. #.## #. . .#


You could see an orc warrior, an ice beast and an orc.

Vanquished Creatures
  2 ice beasts
  An ogre (D:4)
  A howler monkey (D:4)
  2 crimson imps
  A hound (D:5)
  A jelly (D:5)
  A bullfrog skeleton (D:5)
  3 orc priests
  Terence (D:3)
  2 orc wizards (D:3)
  3 worker ants
  3 gnolls (D:6)
  4 adders
  An ooze (D:1)
  2 adder skeletons
  2 worms
  5 dart slugs
  3 leopard geckos
  15 orcs
  A bat skeleton (D:2)
  6 giant cockroaches
  2 goblins (D:1)
  9 hobgoblins
  2 jackals (D:1)
  4 kobolds
  5 quokkas
  2 ball pythons
  8 bats
  2 frilled lizards
  A leopard gecko skeleton (D:5)
  A quokka zombie (D:6)
  9 rats
105 creatures vanquished.

Notes
Turn   | Place    | Note
-------+----------+-------------------------------------------
     0 | D:1      | Rintwin the Barachi Gladiator began the quest for the Orb.
     0 | D:1      | Reached XP level 1. HP: 17/17 MP: 1/1
    92 | D:1      | Reached skill level 4 in Long Blades
    92 | D:1      | Reached XP level 2. HP: 14/23 MP: 2/2
   353 | D:1      | Reached XP level 3. HP: 19/28 MP: 3/3
  1110 | D:2      | Reached XP level 4. HP: 34/34 MP: 4/4
  1116 | D:2      | Reached skill level 5 in Long Blades
  1577 | D:3      | Reached skill level 1 in Armour
  1788 | D:3      | Noticed Terence
  1803 | D:3      | Killed Terence
  1803 | D:3      | Reached XP level 5. HP: 24/41 MP: 5/5
  2223 | D:3      | Reached skill level 6 in Long Blades
  2816 | D:3      | Reached XP level 6. HP: 30/47 MP: 6/6
  3077 | D:4      | Found a basalt altar of Yredelemnul.
  3381 | D:4      | Reached skill level 7 in Long Blades
  3388 | D:4      | Noticed an ice beast
  3394 | D:4      | HP: 1/48 [ice beast (6)]
  3396 | D:4      | Killed an ice beast
  3396 | D:4      | Reached XP level 7. HP: 1/54 MP: 7/7
  4610 | D:5      | Entered Level 5 of the Dungeon
  4623 | D:5      | Reached skill level 1 in Stealth
  5061 | D:5      | Reached skill level 8 in Long Blades
  5140 | D:5      | Found a staircase to the Ecumenical Temple.
  5260 | D:5      | Found an opulent altar of Gozag.
  5261 | D:5      | Found a shattered altar of Ashenzari.
  5261 | D:5      | Found a sacrificial altar of Ru.
  5375 | D:6      | Reached XP level 8. HP: 29/61 MP: 8/8
  5552 | D:6      | Mangled by an orc warrior

Levels and vault maps discovered:
D:1:      sevenhm_arrival_forest_fort_large_2, layout_basic, minivault_11,
          minivault_24
D:2:      layout_rooms, minmay_fractal_squares_gapless_5
D:3:      layout_basic, uniq_terence
D:4:      layout_basic, kennysheep_little_box, first_ration,
          minmay_misc_feat_room
D:5:      layout_rooms, minitemple, minmay_temple_entry_slanted
D:6:      layout_loops_cross, uniq_blork_the_orc

Skill      XL: |  1  2  3  4  5  6  7 |
---------------+----------------------+-----
Long Blades    | 4 5 6 7 8 |  8.2
Armour         | 1 2 3 4 |  4.7
Fighting       | 3 4 |  4.9
Dodging        | 4 |  4.4
Stealth        | 1 |  1.1
Throwing       | |  2.0

Action                   |  1- 3 |  4- 6 |  7- 9 || total
-------------------------+-------+-------+-------++-------
Melee: Long sword        |    89 |   138 |   125 ||   352
 Stab: Sleeping          |     2 |       |       ||     2
       Distracted        |       |     1 |       ||     1
  Eat: Chunk             |     1 |     1 |       ||     2
       Ration            |       |     2 |     3 ||     5
Armor: Leather armour    |    20 |       |       ||    20
       Ring mail         |       |    43 |    22 ||    65
       Steam dragon scal |       |       |    17 ||    17
       Scale mail        |       |       |     6 ||     6
Dodge: Dodged            |    71 |    96 |    92 ||   259
       Rpst.: Long sword |    23 |    37 |    26 ||    86
